 Dungeon Crawl Stone Soup version 0.27.1 (webtiles) character file.

Game seed: 17662014428013213138

29 Atelerd the Digger (level 3, 0/21 HPs)
             Began as an Octopode Earth Elementalist on Sept 1, 2021.
             Succumbed to an adder's poison
             ... on level 2 of the Dungeon.
             The game lasted 00:01:09 (1924 turns).

Atelerd the Digger (Octopode Earth Elementalist)    Turns: 1924, Time: 00:01:09

Health: 0/21       AC:  1    Str:  7    XL:     3   Next: 16%
Magic:  3/6        EV: 13    Int: 18    God:
Gold:   43         SH:  0    Dex: 12    Spells: 5/6 levels left

rFire    . . .     SeeInvis .   e - +0 short sword
rCold    . . .     Faith    .   (no shield)
rNeg     . . .     Spirit   .   (helmet restricted)
rPois    .         Reflect  .   (no amulet)
rElec    .         Harm     .   (no ring)
rCorr    .         Rampage  .   (no ring)
Will     .....                  (no ring)
Stlth    +++.......             (no ring)
HPRegen  0.07/turn              (no ring)
MPRegen  0.10/turn              (no ring)
                                (no ring)
                                (no ring)

@: lethally poisoned (0 -> -8), attractive
A: almost no armour, amphibious, 8 rings, camouflage 1, gelatinous body 1,
(nimble swimmer 1), tentacles
a: no special abilities


You were on level 2 of the Dungeon.
You visited 1 branch of the dungeon, and saw 2 of its levels.

You collected 43 gold pieces.

Inventory:

Hand Weapons
 e - a +0 short sword (weapon)
Missiles
 b - 25 stones
Scrolls
 c - a scroll of torment {unknown}
 f - 3 scrolls of identify {unknown}
 g - a scroll of teleportation {unknown}
 h - 3 scrolls of blinking {unknown}
Potions
 d - a potion of cancellation {unknown}


   Skills:
 - Level 2.0 Dodging
 - Level 2.6 Stealth
 + Level 2.3 Spellcasting
 + Level 1.6 Transmutations
 * Level 3.6 Earth Magic


You had 5 spell levels left.
You knew the following spells:

 Your Spells              Type           Power      Damage    Failure   Level
a - Sandblast             Erth           30%        2d9       3%          1

Your spell library contained the following spells:

 Spells                   Type           Power      Damage    Failure   Level
 Passwall                 Tmut/Erth      9%         N/A       9%          2
 Stone Arrow              Conj/Erth      16%        3d8       24%         3
 Petrify                  Tmut/Erth      11%        N/A       52%         4


Dungeon Overview and Level Annotations

Branches:
Dungeon (2/15)

Altars:


Innate Abilities, Weirdness & Mutations

You cannot wear most types of armour.
You are amphibious.
You can wear up to eight rings at the same time.
Your skin changes colour to match your surroundings (Stealth+).
Your rubbery body absorbs attacks. (AC +1, EV +1)
((You are camouflaged near water. (Stealth+)))
You have tentacles for arms and can constrict up to eight enemies at once.


Message History

The adder is moderately wounded.
You constrict the adder.
You feel sick. The adder bites you.
* * * LOW HITPOINT WARNING * * *
The adder closely misses you.
There is a lethal amount of poison in your body!
You are too injured to fight recklessly!
There is a lethal amount of poison in your body!
You are too injured to fight recklessly!
There is a lethal amount of poison in your body!
Casting: Sandblast (safe; 4% risk of failure)
Confirm with . or Enter, or press ? or * to list all spells.
Aiming: Sandblast (safe; 4% risk of failure)
Press: ? - help, Shift-Dir - straight line, f - adder
Aim: an adder (heavily wounded, constricted by you, 93% to hit)
The blast of sand hits the adder.
The adder is heavily wounded.
You constrict the adder.
* * * LOW HITPOINT WARNING * * *
You feel sick. The adder bites you.
* * * LOW HITPOINT WARNING * * *
You are more poisoned.
The adder poisons you!
Casting: Sandblast (safe; 4% risk of failure)
Confirm with . or Enter, or press ? or * to list all spells.
Aiming: Sandblast (safe; 4% risk of failure)
Press: ? - help, Shift-Dir - straight line, f/p - adder
Aim: an adder (severely wounded, constricted by you, 93% to hit)
The blast of sand hits the adder!
You kill the adder!
* * * LOW HITPOINT WARNING * * *
You feel sick.
You have reached level 3!
Your experience leads to an increase in your attributes!
Increase (S)trength, (I)ntelligence, or (D)exterity?
You feel clever.
There is a lethal amount of poison in your body!
There is a lethal amount of poison in your body!
It was a potion of attraction.
You feel attractive to monsters.
You die...

#.## ##.#.###
######.#....
#.....#?..#
#.....##.#####..
#.......@.......
#.....##.†......
#.....#########.
###.### #.# #.#
#.# #.. #.# #.#
#.# #.#


There were no monsters in sight!

Vanquished Creatures
  An adder (D:2)
  2 ball pythons (D:1)
  4 endoplasms
  A giant cockroach (D:1)
  A goblin (D:2)
  2 hobgoblins (D:1)
  3 bats
  A frilled lizard (D:2)
  2 kobolds
  2 rats
19 creatures vanquished.

Notes
Turn   | Place    | Note
-------+----------+-------------------------------------------
     0 | D:1      | Atelerd the Octopode Earth Elementalist began the quest for
                  | the Orb.
     0 | D:1      | Reached XP level 1. HP: 11/11 MP: 3/3
  1153 | D:1      | Reached XP level 2. HP: 16/17 MP: 5/5
  1729 | D:2      | Found a faded altar of an unknown god.
  1924 | D:2      | Reached XP level 3. HP: 2/21 MP: 3/6
  1924 | D:2      | Succumbed to an adder's poison

Illustrated notes

Levels and vault maps discovered:
D:1:      psy_arrival_spokes, layout_loops_corners
D:2:      layout_loops_ring, chequers_ecumenical_altar_simple

Action                   || total
-------------------------++-------
Melee: Unarmed           ||    24
       Tentacles         ||     9
       Constrict         ||     6
       Short sword       ||     9
 Cast: Sandblast         ||    10
  Use: Potion            ||     1
 Stab: Sleeping          ||     4
Armor: Skin              ||     2
Dodge: Dodged            ||    25
